AoeStats
← Samurai_z

African Clearing

510645674Analyzed
2v2 RM · 1d ago on Oct 2, 2026· 63m 46s· 4 players
Game mode
Random Map
Map size
Medium (4 player)
Population
200
Speed
Normal
Resources
Standard
Victory
Conquest
Starting age
Dark Age
Ending age
Imperial Age
RankedLock teamsTeams togetherTeam positionsShared explorationLock speedFull tech treeHidden civsTurbo modeCheats
Victory
Defeat
🇱🇻 Mongols · Latvia
879
+12
🇻🇪 Khmer · Venezuela
847
+13
🇧🇷 Armenians · Brazil
824
-14
🇧🇷 Varangians · Brazil
751
-11
Uberre
4:48 Loom
13:14 Feudal Age
16:01 Bloodlines
19:24 Horse Collar
23:48 Castle Age
23:04 Double-Bit Axe
23:53 Scale Barding Armor
24:57 Heavy Plow
25:03 Husbandry
24:24 Light Cavalry
25:37 Bow Saw
33:00 Padded Archer Armor
32:39 Crossbowman
34:33 Wheelbarrow
33:45 Town Watch
35:02 Stone Mining
35:03 Gold Mining
35:45 Fletching
40:38 Imperial Age
39:49 Ballistics
40:43 Masonry
41:20 Hand Cart
41:06 Town Patrol
42:00 Conscription
42:45 Chemistry
46:11 Double Crossbow
48:31 Siege Engineers
48:25 Heavy Scorpion
53:45 Forging
54:51 Chain Barding Armor
55:44 Crop Rotation
55:54 Hussar
57:32 Gold Shaft Mining
MasterEdzis
16:13 Feudal Age
16:48 Double-Bit Axe
22:01 Castle Age
20:04 Gold Mining
20:49 Horse Collar
25:32 Husbandry
25:46 Bloodlines
27:00 Husbandry
29:22 Scale Barding Armor
29:28 Forging
30:46 Wheelbarrow
33:07 Hand Cart
38:21 Bow Saw
39:06 Padded Archer Armor
38:56 Fletching
42:00 Imperial Age
40:30 Leather Archer Armor
40:16 Bodkin Arrow
40:46 Ballistics
40:40 Thumb Ring
43:50 Conscription
42:51 Elite Mangudai
48:52 Bracer
49:14 Heavy Plow
51:05 Capped Ram
52:32 Siege Ram
55:23 Gold Shaft Mining
61:13 Drill
Samurai_z
11:28 Loom
15:24 Feudal Age
15:55 Double-Bit Axe
15:40 Man-at-Arms
17:53 Wheelbarrow
17:38 Gold Mining
17:48 Horse Collar
18:12 Arson
18:58 Stone Mining
18:47 Long Swordsman
23:58 Scale Barding Armor
24:03 Forging
24:39 Bloodlines
25:13 Town Watch
27:38 Pikeman
32:10 Castle Age
30:30 Scale Mail Armor
31:48 Fletching
31:58 Padded Archer Armor
32:57 Gambesons
33:57 Bow Saw
34:56 Chain Mail Armor
35:17 Iron Casting
35:33 Two-Handed Swordsman
36:16 Squires
37:40 Gold Shaft Mining
37:57 Padded Archer Armor
38:58 Husbandry
39:59 Murder Holes
40:25 Ballistics
42:10 Heavy Plow
43:42 Leather Archer Armor
43:23 Bodkin Arrow
44:37 Champion
50:09 Imperial Age
48:03 Treadmill Crane
49:19 Hand Cart
49:06 Town Patrol
48:35 Elite Skirmisher
50:55 Bracer
51:26 Ring Archer Armor
53:04 Chemistry
53:08 Blast Furnace
53:25 Fereters
54:19 Conscription
57:20 Heavy Scorpion
59:48 Bombard Tower
60:02 Cavalier
Paulino
15:24 Feudal Age
13:39 Loom
23:31 Scale Barding Armor
24:58 Forging
26:11 Arson
30:40 Castle Age
31:19 Padded Archer Armor
31:58 Iron Casting
31:44 Chain Barding Armor
31:27 Scale Mail Armor
32:09 Squires
31:31 Pikeman
32:52 Husbandry
35:03 Bloodlines
38:17 Gold Mining
38:17 Stone Mining
49:51 Imperial Age
48:37 Gambesons
48:15 Vendel Legacy
52:16 Blast Furnace
52:32 Elite Varangian Guard
53:37 Halberdier
Connection lost

Rejoining the realm…

Still unreachable

The connection could not be restored.

Session expired

The server has moved on; the page needs a fresh start.